 Dungeon Crawl Stone Soup version 0.31-a0-229-g1fc7ce93e2 (webtiles) character file.

Game seed: 12758923729124116462

23 qw the Shooter (level 2, 0/24 HPs)
             Began as a Minotaur Hexslinger on July 6, 2023.
             Slain by a goblin
             ... wielding a +0 club
              (2 damage)
             ... on level 2 of the Dungeon.
             The game lasted 00:00:15 (982 turns).

qw the Shooter (Minotaur Hexslinger)                 Turns: 982, Time: 00:00:15

Health: 0/24       AC:  5    Str: 12    XL:     2   Next: 75%
Magic:  2/2        EV: 10    Int: 10    God:
Gold:   47         SH:  0    Dex: 12    Spells: 2/3 levels left

rFire   . . .        Y - +1 sling
rCold   . . .        (no shield)
rNeg    . . .        d - +0 ring mail
rPois   .            (helmet restricted)
rElec   .            (no cloak)
rCorr   .            (no gloves)
SInv    .            (no boots)
Will    .....        (no amulet)
Stlth   +            (no ring)
HPRegen 0.24/turn    (no ring)
MPRegen 0.08/turn

%: no passive effects
@: no status effects
A: horns 2, retaliatory headbutt
a: no special abilities


You were on level 2 of the Dungeon.
You visited 1 branch of the dungeon, and saw 2 of its levels.

You collected 47 gold pieces.


Innate Abilities, Weirdness & Mutations

You have a pair of horns on your head.
You reflexively headbutt those who attack you in melee.


   Skills:
 - Level 2.0 Fighting
 + Level 3.3 Ranged Weapons
 - Level 2.1 Dodging
 - Level 1.0 Spellcasting
 - Level 2.0 Hexes


You had 2 spell levels left.
You knew the following spells:

 Your Spells              Type           Power      Damage    Failure   Level
a - Slow                  Hex            16%        N/A       34%         1

Your spell library contained the following spells:

 Spells                   Type           Power      Damage    Failure   Level
 Inner Flame              Hex/Fire       2%         N/A       83%         3
 Portal Projectile        Hex/Tloc       4%         N/A       83%         3
 Cause Fear               Hex            2%         N/A       98%         4

Inventory:

Hand Weapons
 Y - a +1 sling (weapon)
Armour
 d - a +0 ring mail (worn)
Potions
 f - a potion of invisibility {unknown}
 g - a potion of heal wounds {unknown}

Dungeon Overview and Level Annotations

Branches:
Dungeon (2/15)

Altars:

Annotations:
D:2 Ijyb


Message History

The sling bullet hits the goblin!
You kill the goblin!
The goblin barely misses you. Ijyb hits you but does no damage.
The goblin hits you but does no damage.
You shoot a sling bullet. The sling bullet hits Ijyb.
Ijyb is lightly wounded.
The goblin hits you but does no damage. Ijyb hits you but does no damage.
The goblin hits you but does no damage. The goblin barely misses you. x2
You furiously retaliate!
You headbutt the goblin, but do no damage.
Ijyb hits you with a +0 club.
You shoot a sling bullet. The sling bullet closely misses Ijyb.
The sling bullet barely misses the goblin.
The goblin hits you but does no damage. The goblin completely misses you.
Ijyb hits you with a +0 club.
You shoot a sling bullet. The sling bullet barely misses Ijyb.
The sling bullet misses the goblin.
The goblin hits you but does no damage. Ijyb hits you but does no damage.
The goblin hits you but does no damage.
You shoot a sling bullet. The sling bullet closely misses Ijyb.
The sling bullet hits the goblin.
You kill the goblin!
Ijyb closely misses you. The goblin hits you with a +0 club.
The goblin hits you but does no damage. Ijyb hits you with a +0 club.
The goblin barely misses you. The goblin closely misses you.
You furiously retaliate!
You headbutt the goblin.
You kill the goblin!
You shoot a sling bullet. The sling bullet closely misses Ijyb.
Ijyb hits you with a +0 club. The goblin hits you with a +0 club.
You shoot a sling bullet.
The sling bullet hits Ijyb but does no damage.
Ijyb is lightly wounded.
Ijyb hits you but does no damage. The goblin hits you with a +0 club.
You shoot a sling bullet.
The sling bullet completely misses Ijyb.
Ijyb hits you but does no damage. The goblin hits you but does no damage.
Ijyb zaps a wand.
The bolt of light misses you. The goblin barely misses you.
You shoot a sling bullet. The sling bullet closely misses Ijyb.
Ijyb closely misses you. The goblin hits you with a +0 club.
You die...

.## .<# ..###.. ..####.#
....... .......# .......
...#######.# ....^.#
...........# ......#
#..#########.# ......#
##.#####.....####g.....#
#.......## #..@g)# #
#.####..)# #.##).8.8.8
#.# ##..####.##.......
#.# #................
#.............#........
########...............
#...............
#..........8.8.8
##.......#####


You could see Ijyb and a goblin.

Vanquished Creatures
  3 endoplasms (D:1)
  A giant cockroach (D:1)
  5 goblins (D:2)
  4 jackals (D:1)
  A ball python (D:1)
  A bat (D:1)
  2 frilled lizards (D:1)
  2 kobolds (D:1)
  A rat (D:1)
20 creatures vanquished.

Notes
Turn   | Place    | Note
-------+----------+-------------------------------------------
     0 | D:1      | qw the Minotaur Hexslinger began the quest for the Orb.
     0 | D:1      | Reached XP level 1. HP: 16/16 MP: 1/1
     0 | D:1      | 0 ||| qw: Version: 0.3-a-46-gb1f654a
     0 | D:1      | 0 ||| qw: Game counter: 1101
     0 | D:1      | 0 ||| qw: Melee chars always use a shield: true
     0 | D:1      | 0 ||| qw: God list: Okawaru
     0 | D:1      | 0 ||| qw: Allow faded altars: false
     0 | D:1      | 0 ||| qw: Do Orc after clearing Dungeon:15 true
     0 | D:1      | 0 ||| qw: Do second Lair branch before Depths: true
     0 | D:1      | 0 ||| qw: Lair rune preference: random
     0 | D:1      | 0 ||| qw: Goals: Normal
     0 | D:1      | 0 ||| PLANNING D:1-11
   130 | D:1      | Reached skill level 3 in Ranged Weapons
   130 | D:1      | Reached XP level 2. HP: 23/23 MP: 2/2
   894 | D:1      | 894 ||| UPGRADING to +0 ring mail.
   904 | D:1      | 904 ||| DROPPING +0 robe.
   905 | D:1      | 905 ||| READING scroll labelled YJIAFRIJOE.
   906 | D:1      | 906 ||| READING scroll labelled ROEGARHUEPS.
   907 | D:1      | 907 ||| READING scroll labelled FASIQO NAEW.
   908 | D:1      | 908 ||| DROPPING scroll of poison.
   966 | D:2      | Noticed Ijyb
   979 | D:2      | HP: 6/24 [Ijyb/+0 club (1)]
   979 | D:2      | HP: 2/24 [goblin/+0 club (4)]
   982 | D:2      | Slain by a goblin

Levels and vault maps discovered:
D:1:      psy_arrival_fountain, layout_basic
D:2:      kennysheep_the_goblin_king, layout_basic, serial_bayou_pond_c

Skill      XL: |  1  2 |
---------------+-------+-----
Ranged Weapons | 3 |  3.3
Fighting       | 2 |  2.0
Dodging        | |  2.1
Spellcasting   | |  1.0
Hexes          | |  2.0

Action                     || total
---------------------------++-------
   Fire: Sling             ||    57
    Use: Scroll            ||     3
 Armour: Robe              ||     9
         Ring mail         ||    18
  Dodge: Dodged            ||    48

Table legend:
 A = Non-vault XP
 B = Vault XP
 C = Vault XP percentage of total XP
 D = Non-vault monster count
 E = Vault monster count
 F = Vault count percentage of total count
                 A         B        C        D         E       F
            +---------+---------+-------+---------+---------+-------
      Total |      24 |      10 |  29.4 |      15 |       5 |  25.0
            +---------+---------+-------+---------+---------+-------
        D:1 |      24 |       0 |   0.0 |      15 |       0 |   0.0
        D:2 |       0 |      10 | 100.0 |       0 |       5 | 100.0
            +---------+---------+-------+---------+---------+-------
